 Dungeon Crawl Stone Soup version 0.27.1-4-g1640c2035a (webtiles) character file.

Game seed: 11724258615385055966

341293 belegose the Bringer of Law (level 23, -2/177 (184) HPs)
             Began as a Formicid Fighter on Nov 4, 2021.
             Was the Champion of Zin.
             Slain by a peacekeeper (7 damage)
             ... in the Desolation of Salt.
             The game lasted 03:23:52 (47846 turns).

belegose the Bringer of Law (Formicid Fighter)     Turns: 47846, Time: 03:23:52

HP:   -2/177 (184)  AC: 21    Str: 27    XL:     23   Next: 37%
MP:   33/36         EV: 12    Int: 12    God:    Zin [******]
Gold: 1543          SH: 15    Dex: 10    Spells: 22/22 levels left

rFire    . . .     SeeInvis +   b - +3 sling "Punk" {acid, rCorr}
rCold    + . .     Faith    .   c - +0 kite shield
rNeg     . . .     Spirit   .   W - +3 plate armour {rC+}
rPois    +         Reflect  .   (helmet unavailable)
rElec    +         Harm     .   L - scarf {repulsion}
rCorr    +         Rampage  .   p - +0 pair of gloves of Vigeun {rElec rPois}
Will     +++..                  (no boots)
Stlth    ..........             s - amulet of regeneration
HPRegen  1.39/turn              g - ring of willpower
MPRegen  0.25/turn              k - +4 ring of slaying

@: mighty, reciting, studying 2 skills, lightly drained, repel missiles
A: permanent stasis, dig shafts and tunnels, antennae 3, four strong arms
}: 1/15 runes: serpentine
a: Dig, Renounce Religion, Recite, Vitalisation, Imprison, Sanctuary, Donate
Gold


You were in the Desolation of Salt.
You worshipped Zin.
Zin was exalted by your worship.
You visited 8 branches of the dungeon, and saw 38 of its levels.
You also visited: Ossuary, Wizlab and Desolation.

You collected 4493 gold pieces.
You spent 2596 gold pieces at shops.
You donated 354 gold pieces to Zin.

Inventory:

Hand Weapons
 a - the +4 battleaxe of Mastery {spect, rF+ Stlth+}
   (You found it on level 6 of the Lair of Beasts)

   When its wielder attacks, the weapon's spirit leaps out and strikes again.
   The spirit shares a part of any damage it takes with its wielder.
   rF:        It protects you from fire.
   Stlth:     It makes you more stealthy.
 b - the +3 sling "Punk" (weapon) {acid, rCorr}
   (You found it on level 1 of the Vaults)

   Any ammunition fired from it is coated in acid, damaging and corroding those
   it strikes.
   rCorr:     It protects you from acid and corrosion.
 v - the +9 quarterstaff "Undertaker" {elec, Int+4}
   (You bought it in a shop on level 1 of the Snake Pit)

   It occasionally discharges a powerful burst of electricity upon striking a
   foe.
   Int:       It affects your intelligence (+4).
 F - a +0 battleaxe of flaming
Missiles
 f - 53 boomerangs
 q - 149 sling bullets (quivered ammo)
 B - 207 stones
 D - 69 poisoned darts
 K - 7 javelins
 M - a throwing net
 X - a curare-tipped dart
Armour
 c - a +0 kite shield (worn)
 p - the +0 pair of gloves of Vigeun (worn) {rElec rPois}
   (You acquired it on level 2 of the Orcish Mines)

   rElec:     It insulates you from electricity.
   rPois:     It protects you from poison.
 C - a scarf of resistance
 L - a scarf of repulsion (worn)
 W - a +3 plate armour of cold resistance (worn)
Magical Staves
 T - a staff of fire
Jewellery
 g - a ring of willpower (left hand)
 k - a +4 ring of slaying (right hand)
 s - an amulet of regeneration (around neck)
 y - a ring of protection from cold
 z - a ring of protection from fire
 S - a ring of flight
Wands
 m - a wand of charming (8)
 r - a wand of paralysis (14)
 x - a wand of iceblast (21)
 A - a wand of acid (4)
 E - a wand of flame (29)
 P - a wand of digging (21)
 Q - a wand of mindburst (8)
Scrolls
 e - a scroll of summoning
 o - 5 scrolls of fear
 w - 2 scrolls of fog
 J - 2 scrolls of silence
Potions
 d - a potion of might
 h - 7 potions of heal wounds
 i - 2 potions of invisibility
 j - a potion of cancellation
 l - 14 potions of curing
 t - 2 potions of magic
 u - 3 potions of resistance
 I - 3 potions of flight
 R - 3 potions of ambrosia
 Y - a potion of mutation
Miscellaneous
 n - a box of beasts
 U - a phial of floods
 V - a tin of tremorstones (inert)


   Skills:
 - Level 16.0 Fighting
 + Level 14.2(14.8) Axes
 - Level 7.5(12.5) Polearms
 - Level 7.0(8.5) Staves
 + Level 9.6 Slings
 - Level 10.6 Crossbows
 - Level 14.6 Armour
 + Level 12.8 Dodging
 + Level 17.6 Shields
 - Level 19.0 Invocations
 - Level 13.0 Evocations


You had 22 spell levels left.
You didn't know any spells.
Your spell library contained the following spells:

 Spells                   Type           Power      Damage    Failure   Level
 Animate Skeleton         Necr           0%         N/A       91%         1
 Apportation              Tloc           0%         N/A       91%         1
 Corona                   Hex            0%         N/A       91%         1
 Sandblast                Erth           0%         2d4       91%         1
 Shock                    Conj/Air       0%         1d3       91%         1
 Sting                    Tmut/Pois      0%         1d3       91%         1
 Summon Small Mammal      Summ           0%         N/A       91%         1
 Corpse Rot               Necr/Air       N/A        N/A       97%         2
 Ensorcelled Hibernation  Hex/Ice        0%         N/A       97%         2
 Poisonous Vapours        Pois/Air       0%         N/A       97%         2
 Sublimation of Blood     Necr           0%         N/A       97%         2
 Wereblood                Tmut           0%         N/A       97%         2
 Call Canine Familiar     Summ           0%         N/A       100%        3
 Frozen Ramparts          Ice            0%         1d2       100%        3
 Inner Flame              Hex/Fire       0%         N/A       100%        3
 Ozocubu's Armour         Ice            0%         N/A       100%        3
 Portal Projectile        Hex/Tloc       0%         N/A       100%        3
 Spider Form              Tmut/Pois      0%         N/A       100%        3
 Stone Arrow              Conj/Erth      0%         3d7       100%        3
 Airstrike                Air            0%         N/A       100%        4
 Animate Armour           Summ/Erth      0%         N/A       100%        4
 Cause Fear               Hex            0%         N/A       100%        4
 Hailstorm                Conj/Ice       0%         3d3       100%        4
 Ice Form                 Ice/Tmut       0%         N/A       100%        4
 Leda's Liquefaction      Hex/Erth       0%         N/A       100%        4
 Passage of Golubria      Tloc           N/A        N/A       100%        4
 Summon Ice Beast         Ice/Summ       0%         N/A       100%        4
 Freezing Cloud           Conj/Ice/Air   0%         6-21      100%        5
 Lightning Bolt           Conj/Air       0%         1d11      100%        5
 Silence                  Hex/Air        0%         N/A       100%        5
 Shadow Creatures         Summ           N/A        N/A       100%        6
 Simulacrum               Ice/Necr       0%         N/A       100%        6
 Dragon Form              Tmut           0%         N/A       100%        7
 Ozocubu's Refrigeration  Ice            0%         4d5       100%        7
 Summon Hydra             Summ           0%         N/A       100%        7
 Discord                  Hex            0%         N/A       100%        8
 Lehudib's Crystal Spear  Conj/Erth      0%         10d2      100%        8
 Dragon's Call            Summ           0%         N/A       100%        9
 Fire Storm               Conj/Fire      0%         5d1       100%        9
 Swiftness                Air            Unusable   N/A       N/A         3

Dungeon Overview and Level Annotations

Branches:
Dungeon (15/15)            Temple (1/1) D:5            Lair (6/6) D:11
  Swamp (3/4) Lair:3        Snake (4/4) Lair:4        Slime (0/5) Lair:6
    Orc (2/2) D:10            Elf (3/3) Orc:2        Vaults (4/5) D:13
  Crypt (0/3) Vaults:2     Depths (0/5) D:15        Ossuary (visited)
 WizLab (visited)         Desolation (1/1)

Altars:
Ashenzari
Cheibriados
Dithmenos
Elyvilon
Fedhas
Gozag
Hepliaklqana
Kikubaaqudgha
Makhleb
Nemelex Xobeh
Okawaru
Qazlal
Ru
Sif Muna
Trog
Uskayaw
Vehumet
Wu Jian
Xom
Yredelemnul
Zin
The Shining One
Beogh
Jiyva
Lugonu

Shops:
D:7 (   D:9 *   Orc:2 !=!:   Elf:1 **   Snake:1 :?(   Snake:2 :=:

Portals:
Trove: Elf:3 (give +5 ice dragon scales)

Annotations:
Swamp:1 exclusion: downstairs
Elf:1 3 runed translucent doors, exclusions: 3 doors and obsidian statue, Cucig's ghost, adept DjFE
Elf:2 3 runed translucent doors, exclusion: 3 doors
Elf:3 3 runed translucent doors, exclusion: 3 doors, illway's ghost, adept MiBe


Innate Abilities, Weirdness & Mutations

You cannot be hasted, slowed, berserked, paralysed or teleported.
You can dig through walls and to a lower floor.
You have a pair of large antennae on your head. (SInv)
Your four strong arms can wield two-handed weapons with a shield.


Message History

The ironbound convoker shouts!
The ironbound convoker is awed by your recitation.
The ironbound convoker no longer looks unusually strong.
You block the saltling's attack.
The saltling hits you but does no damage.
The halazid warlock touches you.
You writhe in agony!
* * * LOW HITPOINT WARNING * * *
The peacekeeper bites you.
* * * LOW HITPOINT WARNING * * *
You block the peacekeeper's attack.
You block the ironbound convoker's attack.
The saltling hits you but does no damage.
The saltling hits you.
* * * LOW HITPOINT WARNING * * *
The ironbound convoker hits the saltling with a +0 great mace!
The saltling hits you!
* * * LOW HITPOINT WARNING * * *
"...all else who abandon lawfulness!
Let them..."
The halazid warlock is smitten by the wrath of Zin.
The halazid warlock is lightly damaged.
The ironbound convoker is confused by your recitation.
You hear a shout!
The peacekeeper bites you.
* * * LOW HITPOINT WARNING * * *
The peacekeeper closely misses you. You block the saltling's attack.
The saltling hits you!
* * * LOW HITPOINT WARNING * * *
The halazid warlock misses you.
You block the ironbound convoker's attack.
You block the saltling's attack.
The servant of whispers mumbles some strange prayers to its god.
The air becomes perfectly still.
The guardian serpent coils itself and waves its upper body at you.
The ironbound convoker blinks!
You block the saltling's attack.
The ragged hierophant gestures at you while chanting.
A blast of power from the earth and the adjacent constructs strikes you!
* * * LOW HITPOINT WARNING * * *
The ironbound convoker hits the saltling with a +0 great mace!
The saltling barely misses you. The peacekeeper bites you!
You die...

.................†.......
.........................
..........................
..........................
..........)................
...........................#
..........8................#
...............p8p.........#
..............∩8@8888.a.....
...............L8888.S......
...............p.p8a.......
................8).a...#..
..............)))......#...
...........#..)..a..........
............#...............
............................
.. .......................


You could see 2 ragged hierophants, 2 servants of whispers, a halazid warlock
(strong), 4 ironbound convokers, a peacekeeper, a guardian serpent and 12
saltlings.

Vanquished Creatures
  Rupert (Orc:2)
  A sphinx (Vaults:1)
  A shadow dragon (Vaults:2)
  3 thorn hunters
  6 nagarajas
  2 deep elf sorcerers (Elf:3)
  A fire giant (D:14)
  An imperial myrmidon (Desolation)
  2 orc warlords
  7 vault wardens
  A deep elf elementalist (Elf:1)
  Aizul (Snake:3)
  4 very ugly things
  12 ironbound preservers
  A halazid warlock (Desolation)
  2 entropy weavers
  A deep elf annihilator (Elf:3)
  7 bunyips
  3 dire elephants
  An orange crystal statue (WizLab)
  4 eleionomae
  A deep elf death mage (Elf:2)
  A crystal guardian (Desolation)
  A deep elf high priest (Elf:1)
  Josephine (Orc:2)
  8 yaktaur captains
  A ragged hierophant (Desolation)
  13 naga warriors
  4 servants of whispers (Desolation)
  2 fire dragons
  A ghost crab (Swamp:3)
  15 hydras
  9 vault guards
  A catoblepas (Lair:6)
  5 ironbound frosthearts
  An ogre mage (D:13)
  3 salamander tyrants
  3 ironbound thunderhulks
  6 two-headed ogres
  A peacekeeper (Vaults:2)
  7 boulder beetles
  13 anacondas
  9 centaur warriors
  4 death knights
  14 alligators
  16 dancing weapons
  4 tengu warriors
  6 death yaks
  3 ironbound beastmasters (Vaults:1)
  7 shock serpents
  13 naga sharpshooters
  6 orc high priests
  9 spriggans
  8 deep elf knights
  4 salamander mystics
  19 deep trolls
  3 goliath frogs
  12 naga ritualists
  2 spriggan druids
  4 swamp dragons
  13 deep elf archers
  3 bog bodies
  15 ironbound convokers
  6 wizards
  3 harpies (Vaults:2)
  30 deep elf zephyrmancers
  Pikel (D:5)
  24 deep elf pyromancers
  3 lindwurms (Vaults:1)
  10 orc knights
  9 mana vipers
  6 orc sorcerers
  6 cyclopes
  A manticore (D:15)
  18 ugly things
  11 salamanders
  7 guardian serpents
  3 will-o-the-wisps
  46 black mambas
  23 naga magi
  16 vault sentinels
  3 gargoyles
  An elephant (shapeshifter) (Vaults:4)
  16 cane toads
  2 torpor snails (Lair:6)
  4 kobold demonologists
  2 unseen horrors
  4 rime drakes
  3 efreet (D:14)
  21 yaktaurs
  A tengu conjurer (D:14)
  A freezing wraith (Vaults:1)
  14 komodo dragons
  10 hornets
  2 polar bears
  2 meliai (D:14)
  6 trolls
  10 tyrant leeches
  20 saltlings (Desolation)
  20 blink frogs
  A snapping turtle (shapeshifter) (Vaults:2)
  5 air elementals
  14 dream sheep
  27 slime creatures
  Sigmund (D:5)
  A redback (Vaults:1)
  5 wyverns
  3 shadows
  2 water elementals
  49 yaks
  8 wraiths
  A fire elemental (Elf:3)
  A steam dragon (D:7)
  A harpy simulacrum (D:14)
  15 vampire mosquitoes
  4 wargs
  44 nagas
  8 swamp worms
  Menkaure (D:5)
  14 water moccasins
  7 swamp drakes
  A hornet zombie (D:8)
  57 orc warriors
  2 black bears
  2 sky beasts (D:6)
  20 wolves
  10 boggarts
  4 necrophages
  16 ogres
  2 phantoms (D:4)
  15 centaurs
  6 kobold brigands (D:13)
  19 bullfrogs
  An earth elemental (Elf:2)
  A water moccasin zombie (D:6)
  2 gnoll sergeants
  A scorpion (D:6)
  A wyvern skeleton (D:6)
  2 wyvern zombies
  2 troll zombies (D:10)
  6 killer bees
  3 wights (D:7)
  3 howler monkeys
  12 electric eels
  A bullfrog zombie (D:5)
  4 centaur zombies
  2 jellies (D:6)
  A centaur skeleton (D:6)
  33 orc priests
  3 hounds (D:6)
  A bullfrog skeleton (D:5)
  2 gnoll shamans (D:6)
  4 iguanas (D:6)
  A scorpion zombie (D:5)
  16 orc wizards
  6 hell rats
  2 killer bee zombies (D:7)
  6 ogre zombies (D:10)
  A hound skeleton (D:4)
  A mummy (Ossuary)
  2 howler monkey zombies (D:6)
  11 gnolls
  2 river rats (Lair:3)
  7 adders
  An adder skeleton (D:4)
  A worm (D:1)
  2 dart slugs
  94 orcs
  3 spectral bats (Ossuary)
  4 endoplasms
  4 giant cockroaches
  12 gnoll zombies (Ossuary)
  A goblin (D:3)
  8 hobgoblins
  3 jackals (D:2)
  2 quokkas
  5 ball pythons
  2 bats
  3 frilled lizards
  4 goblin skeletons (D:10)
  6 goblin zombies
  2 hobgoblin skeletons (D:10)
  7 hobgoblin zombies
  6 kobolds
  7 kobold zombies (Ossuary)
  3 orc skeletons (D:10)
  14 orc zombies
  5 rats
  4 spectral goblins (Ossuary)
  A spectral kobold (Ossuary)
  2 spectral rats (Ossuary)
  9 briar patches (Swamp:1)
1419 creatures vanquished.

Vanquished Creatures (collateral kills)
  An orc wizard (Orc:2)
1 creature vanquished.

Vanquished Creatures (others)
  An ironbound convoker (Vaults:1)
  A deep elf zephyrmancer (Elf:3)
  A troll (Orc:2)
  2 bloated husks
  A water elemental (Elf:1)
  A centaur (D:13)
  An orc (Orc:2)
  A briar patch (Swamp:1)
  2 bushes (Lair:6)
  12 foxfires
  28 fungi
  114 plants
165 creatures vanquished.

Grand Total: 1585 creatures vanquished

Notes
Turn   | Place    | Note
-------+----------+-------------------------------------------
     0 | D:1      | belegose the Formicid Fighter began the quest for the Orb.
     0 | D:1      | Reached XP level 1. HP: 18/18 MP: 1/1
   509 | D:1      | Reached XP level 2. HP: 23/24 MP: 2/2
  1064 | D:2      | Reached XP level 3. HP: 29/29 MP: 3/3
  1492 | D:2      | Reached XP level 4. HP: 5/37 MP: 4/4
  2625 | D:3      | Reached XP level 5. HP: 41/42 MP: 5/5
  3006 | D:4      | Found an iron altar of Okawaru.
  3007 | D:4      | Noticed a phantom
  3007 | D:4      | Noticed a necrophage
  3031 | D:4      | Killed a phantom
  3032 | D:4      | Reached skill level 1 in Evocations
  3032 | D:4      | Reached XP level 6. HP: 15/49 MP: 6/6
  3043 | D:4      | Killed a necrophage
  3044 | D:4      | Reached skill level 5 in Shields
  3445 | D:4      | Reached XP level 7. HP: 47/55 MP: 7/7
  3581 | D:5      | Entered Level 5 of the Dungeon
  3721 | D:5      | Reached skill level 5 in Armour
  3721 | D:5      | Found a sand-covered staircase.
  3728 | Ossuary  | Entered an ossuary
  4004 | Ossuary  | Reached skill level 5 in Fighting
  4406 | D:5      | Found a shimmering altar of Xom.
  4408 | D:5      | Noticed Sigmund
  4430 | D:5      | Noticed Menkaure
  4437 | D:5      | Killed Menkaure
  4487 | D:5      | Reached XP level 8. HP: 51/62 MP: 8/8
  4698 | D:5      | Found a staircase to the Ecumenical Temple.
  4724 | Temple   | Entered the Ecumenical Temple
  5134 | D:5      | Noticed Pikel
  5154 | D:5      | Killed Pikel
  5646 | D:6      | Found a white marble altar of Elyvilon.
  5646 | D:6      | Found a glowing golden altar of the Shining One.
  5649 | D:6      | Found a sacrificial altar of Ru.
  5650 | D:6      | Found a hide-covered altar of Uskayaw.
  5650 | D:6      | Found a blossoming altar of Fedhas.
  5652 | D:6      | Found a broken altar of Ashenzari.
  5652 | D:6      | Found a basalt altar of Yredelemnul.
  5746 | D:6      | Reached skill level 5 in Axes
  5752 | D:6      | Reached XP level 9. HP: 69/69 MP: 9/9
  6274 | D:6      | Reached skill level 5 in Evocations
  7038 | D:7      | Identified the +7 chain mail of Mokhle {Fly Str+2 SInv}
  7257 | D:7      | Reached XP level 10. HP: 47/75 MP: 10/10
  7340 | D:7      | Found Vipn's Weapon Emporium.
  7899 | D:8      | Found a sparkling altar of Nemelex Xobeh.
  8903 | D:9      | Found Bekk's Overcharged Wands.
  8916 | D:9      | Found a burning altar of Makhleb.
  9356 | D:9      | Reached XP level 11. HP: 79/87 MP: 11/11
  9384 | D:9      | Found a shimmering blue altar of Sif Muna.
  9689 | D:9      | Found a glowing silver altar of Zin.
  9698 | D:9      | Became a worshipper of Zin the Law-Giver
  9698 | D:9      | Reached * piety under Zin
  9698 | D:9      | Reached ** piety under Zin
  9827 | D:10     | Entered Level 10 of the Dungeon
 10050 | D:10     | Reached skill level 1 in Invocations
 10126 | D:10     | Found a staircase to the Orcish Mines.
 10126 | D:10     | Noticed an orc sorcerer
 10163 | D:10     | Killed an orc sorcerer
 10164 | D:10     | Reached skill level 2 in Invocations
 10356 | D:10     | Reached *** piety under Zin
 10690 | D:10     | Found a stormy altar of Qazlal.
 10996 | D:11     | Found a staircase to the Lair.
 11106 | D:11     | Reached skill level 10 in Shields
 11309 | D:11     | Noticed a boulder beetle
 11324 | D:11     | Killed a boulder beetle
 11325 | D:11     | Reached skill level 3 in Invocations
 11346 | D:11     | Reached **** piety under Zin
 11647 | Orc:1    | Entered Level 1 of the Orcish Mines
 12312 | Orc:2    | Entered Level 2 of the Orcish Mines
 12348 | Orc:1    | Reached skill level 1 in Polearms
 12373 | Orc:1    | Reached skill level 4 in Invocations
 12373 | Orc:1    | Reached XP level 12. HP: 27/96 MP: 13/15
 12450 | Orc:2    | Noticed a two-headed ogre
 12476 | Orc:1    | Killed a two-headed ogre
 12713 | Orc:1    | Noticed an orc high priest
 12734 | Orc:2    | Killed an orc high priest
 12809 | Orc:1    | Reached ***** piety under Zin
 13114 | Orc:2    | Reached skill level 5 in Invocations
 13268 | Orc:2    | Reached skill level 10 in Fighting
 13443 | Orc:2    | Reached skill level 10 in Armour
 13747 | Orc:2    | Noticed Rupert
 13756 | Orc:2    | Killed Rupert
 13881 | Orc:2    | Noticed an orc warlord
 14005 | Orc:2    | Reached skill level 6 in Invocations
 14360 | Lair:1   | Entered Level 1 of the Lair of Beasts
 14596 | Lair:1   | Reached XP level 13. HP: 84/104 MP: 17/17
 14618 | Lair:1   | Reached skill level 1 in Dodging
 15444 | Lair:1   | Reached skill level 7 in Invocations
 15451 | Lair:1   | Reached skill level 5 in Polearms
 16586 | Lair:3   | Reached skill level 10 in Evocations
 17249 | Lair:3   | Found a staircase to the Swamp.
 17632 | Lair:4   | Reached ****** piety under Zin
 18107 | Lair:4   | Found a staircase to the Snake Pit.
 18225 | Lair:5   | Reached skill level 8 in Invocations
 18335 | Lair:5   | Reached XP level 14. HP: 102/113 MP: 20/20
 19303 | Lair:6   | Entered Level 6 of the Lair of Beasts
 19721 | Lair:6   | Reached skill level 9 in Invocations
 19764 | Lair:6   | Reached skill level 5 in Dodging
 20291 | Lair:6   | Found a viscous altar of Jiyva.
 20291 | Lair:6   | Found a staircase to the Slime Pits.
 20488 | Lair:6   | Reached XP level 15. HP: 118/121 MP: 22/22
 20588 | Lair:6   | Got the Disquisition on Doomed Battle Magic
 20598 | Lair:6   | Identified the +1 plate armour of Beogh's Regard {Harm
                  | +Blink Will+ Regen+}
 20599 | Lair:6   | Identified the +4 battleaxe of Mastery {spect, rF+ Stlth+}
 21110 | Orc:2    | Killed an orc warlord
 21457 | Orc:2    | Noticed Josephine
 21475 | Orc:2    | Killed Josephine
 21574 | Orc:2    | Reached skill level 10 in Invocations
 21621 | Orc:2    | Found Iherr's Jewellery Shop.
 21653 | Orc:2    | Found Iblosh's Distillery.
 21940 | Orc:2    | Found a staircase to the Elven Halls.
 22000 | Orc:2    | Got Anuassi's Reference Book on Earthen Transmutation
 22166 | Orc:2    | Found Ymeygek's Distillery.
 22176 | Orc:2    | Bought a potion of heal wounds for 55 gold pieces
 22176 | Orc:2    | Bought a potion of resistance for 110 gold pieces
 22176 | Orc:2    | Bought a potion of resistance for 110 gold pieces
 22182 | Orc:2    | Found Akhleorhu's Book Emporium.
 22409 | Orc:2    | Bought a manual of Invocations for 880 gold pieces
 24018 | D:13     | Reached skill level 11 in Invocations
 24506 | D:13     | Found a gate to the Vaults.
 24570 | D:13     | You are sucked into a shaft and drop 2 floors!
 24570 | D:15     | Entered Level 15 of the Dungeon
 24577 | D:15     | Reached XP level 16. HP: 108/130 MP: 24/24
 25346 | D:14     | Found an ornate altar of the Wu Jian Council.
 25706 | D:14     | Reached skill level 12 in Invocations
 26004 | D:14     | Noticed a fire giant
 26151 | D:14     | Killed a fire giant
 27068 | D:15     | Found a white marble altar of Elyvilon.
 27263 | D:15     | Found a staircase to the Depths.
 27296 | D:15     | Reached skill level 10 in Axes
 27614 | Swamp:1  | Entered Level 1 of the Swamp
 27848 | Swamp:1  | Reached skill level 13 in Invocations
 28004 | Swamp:1  | Reached XP level 17. HP: 122/138 MP: 26/26
 28280 | Orc:2    | Bought a ring of poison resistance for 300 gold pieces
 28289 | Orc:2    | Identified a scroll of acquirement
 28289 | Orc:2    | Acquired the +0 pair of gloves of Vigeun {rElec rPois}
 28808 | Swamp:1  | Noticed a thorn hunter
 28841 | Swamp:1  | Killed a thorn hunter
 28888 | Swamp:1  | Reached skill level 1 in Crossbows
 29147 | Swamp:2  | Noticed a thorn hunter
 29164 | Swamp:2  | Killed a thorn hunter
 29494 | Swamp:2  | Reached skill level 14 in Invocations
 29625 | Swamp:2  | Acquired 341 gold pieces
 30360 | Swamp:3  | Noticed a thorn hunter
 30370 | Swamp:3  | Killed a thorn hunter
 31221 | Snake:1  | Entered Level 1 of the Snake Pit
 31361 | Snake:1  | Reached XP level 18. HP: 147/147 MP: 29/29
 31389 | Lair:4   | Reached skill level 15 in Invocations
 31737 | Snake:1  | Found Qumeus's Book Shop.
 31739 | Snake:1  | Found Rimuho's Magic Scroll Boutique.
 31742 | Snake:1  | Found Ongurrix's Antique Weapon Shop.
 31770 | Snake:1  | Bought a transparent quarterstaff for 261 gold pieces
 31770 | Snake:1  | Identified the +9 quarterstaff "Undertaker" {elec, Int+4}
                  | (You bought it in a shop on level 1 of the Snake Pit)
 32259 | Snake:2  | Reached skill level 1 in Staves
 32263 | Snake:2  | Reached skill level 5 in Crossbows
 32414 | Snake:2  | Found Lannuym's Book Shoppe.
 32419 | Snake:2  | Found Zuid Bao's Jewellery Boutique.
 32420 | Snake:2  | Found Kiyceiro's Book Shoppe.
 32531 | Snake:2  | You fall into a shaft and drop 1 floor!
 32974 | Snake:2  | Reached skill level 16 in Invocations
 33038 | Snake:2  | Reached skill level 15 in Fighting
 34128 | Snake:3  | Found a shimmering altar of Xom.
 34237 | Snake:3  | Reached skill level 5 in Staves
 34281 | Snake:3  | Reached XP level 19. HP: 125/155 MP: 31/31
 34295 | Snake:3  | Reached skill level 17 in Invocations
 34512 | Snake:3  | Noticed Aizul
 34524 | Snake:3  | Killed Aizul
 34846 | Snake:4  | Entered Level 4 of the Snake Pit
 35483 | Snake:4  | Found a shadowy altar of Dithmenos.
 36186 | Snake:3  | Reached skill level 18 in Invocations
 36361 | Snake:4  | Got a serpentine rune of Zot
 36913 | Elf:1    | Entered Level 1 of the Elven Halls
 37229 | Elf:1    | Found a magical portal.
 37238 | WizLab   | Entered Wucad Mu's Monastery
 37843 | WizLab   | Found the +9 staff of Wucad Mu {*channel}
 38225 | Elf:1    | Reached XP level 20. HP: 164/164 MP: 33/33
 38313 | Elf:1    | Found a runed translucent gate.
 38313 | Elf:1    | Found a runed translucent gate.
 38313 | Elf:1    | Found a runed translucent gate.
 38316 | Elf:1    | Found an opulent altar of Gozag.
 38317 | Elf:1    | Noticed Cucig's ghost (adept DjFE)
 38346 | Elf:1    | Found Irogeuho's Assorted Antiques.
 38346 | Elf:1    | Found Uxkagi's Assorted Antiques.
 39506 | Elf:1    | Found an ancient bone altar of Kikubaaqudgha.
 39932 | Elf:2    | Reached skill level 10 in Crossbows
 39934 | Elf:2    | Found a runed translucent gate.
 39935 | Elf:2    | Found a runed translucent gate.
 39935 | Elf:2    | Found a runed translucent gate.
 40152 | Elf:3    | Entered Level 3 of the Elven Halls
 40163 | Elf:3    | Found a portal to a secret trove of treasure.
 40639 | Elf:3    | Reached skill level 19 in Invocations
 40789 | Elf:3    | Found a runed translucent gate.
 40789 | Elf:3    | Found a runed translucent gate.
 40790 | Elf:3    | Found a runed translucent gate.
 40793 | Elf:3    | Noticed illway's ghost (adept MiBe)
 41324 | Snake:2  | Bought a manual of Shields for 880 gold pieces
 41547 | Vaults:1 | Entered Level 1 of the Vaults
 41793 | Vaults:1 | Reached XP level 21. HP: 118/171 MP: 34/34
 41843 | Vaults:1 | Found the +3 sling "Punk" {acid, rCorr}
 41905 | D:13     | Reached skill level 5 in Slings
 41905 | D:13     | Reached XP level 22. HP: 178/178 MP: 35/35
 42656 | D:5      | Killed Sigmund
 43400 | Vaults:1 | Reached skill level 10 in Dodging
 43851 | Vaults:1 | Reached skill level 15 in Shields
 45322 | Vaults:2 | Identified the +0 kite shield of Submission {Drain rPois
                  | rCorr Str-5}
 46440 | Vaults:2 | Found a staircase to the Crypt.
 46967 | Vaults:3 | Reached XP level 23. HP: 166/184 MP: 36/36
 47521 | Vaults:4 | Found a crumbling gateway.
 47530 | Desolati | Entered the Desolation of Salt
 47846 | Desolati | HP: 5/177 [ragged hierophant/a resonance strike (10)]
 47846 | Desolati | Slain by a peacekeeper

Illustrated notes

Levels and vault maps discovered:
D:1:      eino_arrival_cavern_a, layout_loops_corners
D:2:      layout_rooms, fountainhead
D:3:      layout_basic
D:4:      layout_rooms, okawaru_metal_pillars_1_2, minmay_misc_feat_encased
D:5:      layout_layer_cave, mainiacjoe_overflow_brackets,
          minmay_temple_entry_mini_moons, lightli_ossuary_entry_decrepit_ruins,
          minmay_curled_crystal, uniq_menkaure, uniq_pikel, uniq_sigmund
D:6:      layout_layer_cave, grunt_temple_overflow_open, nzn_random_ring
D:7:      layout_basic, serial_shops, shop_coins
D:8:      layout_cave_pools, mainiacjoe_overflow_alcove_1,
          hangedman_abyss_or_decor_lesser_grid
D:9:      layout_basic, kennysheep_little_box, bloody_makhleb,
          lemuel_round_altar, minmay_misc_feat_chi,
          nicolae_shop_overcharged_wands
D:10:     layout_loops_corners, marbit_many_paths, zombieorc2_lemuel
D:11:     layout_basic, lair_entry_dummy
D:12:     layout_gridville, chequers_big_river
D:13:     layout_roguey, hangedman_vaults_entry_quadrant_bands
D:14:     minmay_connected_boxes_in_corner, layout_loops_ring,
          nzn_wu_jian_contemplation
D:15:     hangedman_depths_entry_try_elsewhere_first, layout_irregular_city,
          nicolae_elyvilon_temple_path, serial_bayou_lagoon_a
Temple:   corrupted_temple
Lair:1:   layout_regular_city
Lair:2:   layout_hall_layers, ldierk_geyser, nicolae_lair_grove_arrangements,
          serial_bayou_pond_a
Lair:3:   layout_cave_shapes, minmay_swamp_entry_worms, pond
Lair:4:   layout_cave_pods, dummy_snake_entry
Lair:5:   layout_cave_pods, lemuel_fruit_fields
Lair:6:   minmay_lair_end_frog_pond, layout_gridlike,
          dpeg_slime_entry_enclosed_altar, serial_bayou_shore_b
Swamp:1:  layout_basic_swamp, evilmike_swamp_ruin_house_6
Swamp:2:  layout_basic_swamp, hangedman_swamp_blocks
Swamp:3:  layout_basic_swamp, evilmike_swamp_ruin_rubble_2, swamp_pool5,
          st_swamp_ruins_3
Snake:1:  layout_onion_interference, minmay_shop_star
Snake:2:  layout_onion, minmay_shop_grove, grunt_megastairs_3
Snake:3:  layout_cave_town, basic_altar, uniq_aizul
Snake:4:  snake_pit, layout_cave_town, basic_altar
Orc:1:    layout_diamond_mine, basic_altar
Orc:2:    pubby_orc_utopia, uniq_rupert, uniq_josephine
Elf:1:    nicolae_elf_arrival_fired_up, layout_onion_city, ebering_ghost_gozag,
          mu_enter_wizlab_5, kennysheep_underground_church,
          lemuel_upstairs_altar
Elf:2:    nicolae_elf_blades_crystal_corner, layout_loops_corners, special_room
          [special_room_orc], minmay_misc_feat_diagonals
Elf:3:    elf_hall_gauntlet_wide, layout_geoelf_castle,
          gammafunk_ghost_tricky_traps, nicolae_trove_entry_isolated,
          nicolae_elf_vaults_five_recruitment_drive
Vaults:1: nicolae_vaults_arrows, v_rooms_6, nicolae_vaults_circle_grid_b,
          nicolae_vaults_angled_halls, nicolae_vaults_gold_heap, v_misc_10,
          nicolae_vaults_little_squares_3, ontoclasm_vaults_idyll,
          vaults_mumra_minichess, v_alt_pattern_2, nicolae_vaults_asterisk,
          nicolae_vaults_rhombus_6, nicolae_vaults_little_squares_1,
          layout_vaults_big_room
Vaults:2: v_alt_pattern_1, blue_anna_dwarven_crypt, hangedman_vaults_variations,
          vaults_mumra_hexcomb, vaults_dpeg_diagonal,
          vaults_mumra_minichess_inversion, v_misc_32, ontoclasm_vaults_bender,
          ontoclasm_vaults_shuriken, v_misc_33,
          nicolae_vaults_twisting_passages, layout_vaults_maze_bifur
Vaults:3: st_greater_box_3, vaults_mumra_hex, dpeg_vaults_monster_row,
          nicolae_vaults_yaktaur_gun_rack, v_misc_24,
          nicolae_vaults_network_square, v_misc_19, hangedman_vaults_pinch,
          nicolae_vaults_circle_grid_b, nicolae_vaults_asterisk,
          vaults_mumra_lcd, ontoclasm_vaults_chip, layout_vaults_omnibox,
          serial_shops, shop
Vaults:4: grunt_vaults_diagonal, grunt_vaults_bifocal,
          nicolae_vaults_diagonal_hallway_8, hangedman_vaults_slice,
          st_spiral_rooms, v_misc_22, v_misc_5, vaults_room_door_ring,
          ontoclasm_vaults_chip, nicolae_vaults_alarming,
          layout_vaults_omnicross, portal_desolation_entry_nicolae_slug
Desolation

Skill      XL: |  1  2  3  4  5  6  7  8  9 10 11 12 13 14 15 16 17 18 19 20 21 22 23 |
---------------+----------------------------------------------------------------------+-----
Shields        | 4 5 6 8 9 10 11 12 14 16 17 | 17.6
Fighting       | 4 5 6 7 8 9 10 11 12 13 14 15 16 | 16.0
Armour         | 4 5 6 7 8 9 10 11 12 13 14 | 14.6
Axes           | 3 4 5 6 7 8 9 10 11 12 13 14 | 14.2
Evocations     | 1 2 4 5 7 8 9 10 11 12 13 | 13.0
Invocations    | 4 6 8 9 11 13 14 16 18 19 | 19.0
Polearms       | 1 4 5 7 |  7.5
Dodging        | 3 5 7 8 9 12 | 12.8
Crossbows      | 4 7 9 10 | 10.6
Staves         | 5 7 |  7.0
Slings         | 5 8 9 |  9.6

Action                   |  1- 3 |  4- 6 |  7- 9 | 10-12 | 13-15 | 16-18 | 19-21 | 22-24 || total
-------------------------+-------+-------+-------+-------+-------+-------+-------+-------++-------
Melee: War axe           |   108 |   103 |   408 |   469 |       |    65 |       |       ||  1153
       Spear             |       |       |    20 |       |       |       |       |       ||    20
       Battleaxe         |       |       |       |   233 |   542 |   626 |   550 |   420 ||  2371
       Glaive            |       |       |       |   303 |   449 |    17 |       |       ||   769
       Staff             |       |       |       |       |    21 |       |       |       ||    21
       Scimitar          |       |       |       |       |       |     3 |       |       ||     3
       Quarterstaff      |       |       |       |       |       |   143 |   114 |    34 ||   291
 Fire: Fustibalus        |       |       |       |       |       |       |       |    38 ||    38
Throw: Stone             |       |       |    13 |       |       |       |       |       ||    13
       Dart              |       |       |       |    17 |    10 |    32 |       |       ||    59
       Javelin           |       |       |       |       |     7 |    12 |       |       ||    19
Invok: Recite            |       |       |       |     6 |     2 |    13 |    33 |    20 ||    74
       Imprison          |       |       |       |       |       |     1 |       |     1 ||     2
       Sanctuary         |       |       |       |       |       |       |     4 |     1 ||     5
 Abil: Dig               |       |       |       |     2 |       |     1 |     1 |       ||     4
Evoke: Wand              |       |       |     2 |    13 |    32 |    21 |    18 |    17 ||   103
       Tin of tremorston |       |       |       |       |     2 |     1 |     2 |     4 ||     9
  Use: Scroll            |       |       |    10 |     5 |     2 |    15 |       |     1 ||    33
       Potion            |       |       |       |       |       |       |     1 |     2 ||     3
 Stab: Paralysed         |       |       |     4 |    21 |    11 |     1 |     6 |    11 ||    54
       Invisible         |       |       |       |     1 |       |       |       |       ||     1
       Distracted        |       |       |       |       |     3 |     8 |     7 |     4 ||    22
       Confused          |       |       |       |       |       |     5 |    20 |    12 ||    37
Armor: Scale mail        |    50 |       |       |       |       |       |       |       ||    50
       Plate armour      |    11 |    52 |   181 |       |    98 |   358 |   279 |   125 ||  1104
       Chain mail        |       |       |    20 |   432 |   318 |       |       |       ||   770
Dodge: Dodged            |    34 |    17 |    86 |   303 |   328 |   307 |   217 |   139 ||  1431
       Repelled          |       |       |       |     3 |     2 |    24 |    29 |     3 ||    61
Block: Kite shield       |    70 |    56 |   212 |   675 |   702 |   547 |   457 |   254 ||  2973
